woodfighter, chaotic female orcish Cavewoman ---------- -----........| .............| |<...........| .............| -----........| --|------- #### # ### # ## -|------ |..{...| |..o@..| +.#S...| -------- woodfighter the Cave Teen Experience level: 3 Strength: 18/04 Dexterity: 17 Constitution: 16 Intelligence: 9 Wisdom: 8 Charisma: 7 Health: 0(29) Energy: 9(9) Def: 2 Gold: 216 Moves: 1428 Dungeon seed: Lh_6-reyi3xyJam5 Game ID: woodfighter_1477220462 Your Inventory: Coins $ - 216 gold pieces Weapons a - a +1 club (weapon in hand) b - a +2 sling (alternate weapon; not wielded) Armor n - an uncursed +1 leather cloak q - an uncursed +0 leather armor (being worn) r - a cursed -2 orcish helm Comestibles c - 2 uncursed tins of spinach d - an uncursed tin of goblin meat g - 2 uncursed food rations m - an uncursed lichen corpse Scrolls f - an uncursed scroll of scare monster i - an uncursed scroll of light Potions k - a potion of holy water p - an uncursed potion of restore ability Wands j - a wand of enlightenment (0:14) o - a wand of striking (0:7) Gems e - 9 uncursed flints (in quiver) Spells and supernatural/magical abilities: Name Level Category Fail Memory W - pray for help -- divine ? -- Your skills at the end: Miscellaneous Skills bare handed combat [Basic] Weapon Skills scimitar [Basic] club [Basic] sling [Basic] Spellcasting Skills Final Attributes: You were piously aligned. You were poison resistant. You had infravision. You were very stealthy. You are dead. Vanquished creatures: a water moccasin a gecko a yellow mold 2 manes 2 jackals a kobold 5 newts a goblin 5 lichens 19 creatures vanquished. Voluntary challenges: You did not adorn yourself with jewelry or accessories. You did not cause conflict. You were not invisible. You did not have reflection. You were not displaced. You were an atheist. You used a wielded weapon 21 times, starting on turn 86. You did not use tools. You did not use sinks. You did not drink any magical draughts. You were illiterate. You never genocided any monsters. You never polymorphed an object. You never changed form. You used no wishes. You never split a pudding. You never wrote Elbereth's name. You never violated your personal moral code. Dungeon overview: The Dungeons of Doom: levels 1 to 4 Level 1 a long staircase Level 2 stairs to The Gnomish Mines Level 3 (vw) Level 4 <- You were here a fountain, a sink The Gnomish Mines: Level 3 stairs to The Dungeons of Doom History has recorded: On T:1 you entered the Dungeons of Doom to retrieve the Amulet of Yendor! On T:273 you reached level 2 of The Dungeons of Doom. On T:402 you reached level 1 of The Gnomish Mines. On T:564 you advanced to experience level 2. On T:854 you reached level 3 of The Dungeons of Doom. On T:891 you reached level 4 of The Dungeons of Doom. On T:1240 you advanced to experience level 3. Score breakdown: Gold: 216 ( 21 points) Experience: 3 levels ( 200 points) Exploration: 4 levels ( 90 points) Discoveries: 6 items ( 300 points) Variety of kills: 9 monsters ( 450 points) Major goal: (nothing yet) ( 0 points) Survival: died (score multiplied by 3) Total score: 3183 Latest messages: Where do you want to travel to? You stop travelling. You kill the gecko! You see here a gecko corpse. This gecko corpse tastes terrible! You finish eating the gecko corpse. Where do you want to travel to? You hear the footsteps of a guard on patrol. o - an aluminum wand. The door opens. $ - 21 gold pieces. An endless stream of snakes pours forth! The water moccasin bites! (2x) You hit the water moccasin! The water moccasin bites! The water moccasin's bite was poisoned, but it doesn't affect you. The water moccasin bites! (3x) You kill the water moccasin! The water moccasin bites! p - a dark green potion. You hit the water moccasin! The water moccasin bites! You die... Final status: Goodbye woodfighter the Cavewoman, killed by a water moccasin... You died in The Dungeons of Doom on dungeon level 4 with 3183 points, and 216 pieces of gold, after 1428 moves. You were level 3 with a maximum of 29 hit points when you died.